AoeStats
← El sin team Hoffmann

Arabia

509506573Analyzed
2v2 RM · 6d ago on Sep 27, 2026· 16m 39s· 4 players
Game mode
Random Map
Map size
Medium (4 player)
Population
200
Speed
Normal
Resources
Standard
Victory
Conquest
Starting age
Dark Age
Ending age
Imperial Age
RankedLock teamsTeams togetherTeam positionsShared explorationLock speedFull tech treeHidden civsTurbo modeCheats
Victory
Defeat
🇨🇱 Magyars · Chile
1240
+16
🇨🇱 Teutons · Chile
1222
+17
🇺🇸 Goths · United States
1247
-17
🇨🇦 Teutons · Canada
1229
-16
Chasers
6:40 Loom
9:40 Feudal Age
layuyimartine
3:31 Loom
9:39 Feudal Age
12:31 Man-at-Arms
14:34 Double-Bit Axe
15:10 Horse Collar
15:23 Gold Mining
El sin team Hoffmann
6:38 Loom
9:17 Feudal Age
11:59 Double-Bit Axe
13:22 Horse Collar
Sir Labrop
5:24 Loom
8:03 Loom
11:04 Feudal Age
12:25 Double-Bit Axe
12:58 Horse Collar
Connection lost

Rejoining the realm…

Still unreachable

The connection could not be restored.

Session expired

The server has moved on; the page needs a fresh start.